 Dungeon Crawl Stone Soup version 0.19-a0-1886-gd64a0f0 (webtiles) character file.

95 JeffiDaFish the Sneak (level 4, -5/32 HPs)
             Began as a Vampire Enchanter on Oct 14, 2016.
             Killed from afar by bjtr's ghost (8 damage)
             ... with a magic dart
             ... on level 3 of the Dungeon on Oct 15, 2016.
             The game lasted 00:14:42 (3245 turns).

JeffiDaFish the Sneak (Vampire Enchanter)           Turns: 3245, Time: 00:14:43

Health: -5/32      AC:  3    Str:  8      XL:     4   Next: 39%
Magic:  7/7        EV: 13    Int: 17      God:
Gold:   111        SH:  0    Dex: 13 (14) Spells: 2 memorised, 4 levels left

rFire  . . .     SeeInvis +     a - +1 dagger
rCold  . . .     Gourm    .     b - +1 robe
rNeg   + . .     Faith    .     (no shield)
rPois  .         Spirit   .     (no helmet)
rElec  .         Dismiss  .     (no cloak)
rCorr  .         Reflect  .     (no gloves)
MR     .....     Harm     .     (no boots)
Stlth  ++++++....               (no amulet)
                                h - ring of stealth
                                e - ring of stealth

@: no status effects
A: fangs 3, camouflage 1, see invisible, unbreathing
a: Bat Form


You were on level 3 of the Dungeon.
You were not thirsty.

You visited 1 branch of the dungeon, and saw 3 of its levels.

You collected 111 gold pieces.

Inventory:

Hand Weapons
 a - a +1 dagger (weapon)
Armour
 b - a +1 robe (worn)
Jewellery
 e - a ring of stealth (left hand)
 h - a ring of stealth (right hand)
Scrolls
 f - a scroll of teleportation
 g - a scroll of identify
Potions
 d - 11 potions of blood
Books
 c - a book of Maledictions

   Spells                             Type                      Level
   a - Corona                         Hexes                        1
   b - Ensorcelled Hibernation        Hexes/Ice                    2
   c - Confuse                        Hexes                        3
   d - Tukima's Dance                 Hexes                        3
   e - Dazzling Spray                 Conjuration/Hexes            3


   Skills:
 * Level 1.0 Fighting
 + Level 1.7 Short Blades
 + Level 2.7 Dodging
 + Level 5.3 Stealth
 + Level 2.4 Spellcasting
 + Level 5.1 Hexes
 + Level 1.0 Ice Magic


You had 4 spell levels left.
You knew the following spells:

 Your Spells              Type           Power        Failure   Level  Hunger
a - Corona                Hex            ###....      2%          1    #......
b - Ensorcelled Hibernat  Hex/Ice        ##....       10%         2    ##.....


Dungeon Overview and Level Annotations

Branches:
Dungeon (3/15)

Altars:

Annotations:
D:3 bjtr's ghost, weakling DsWz


Innate Abilities, Weirdness & Mutations

You have razor-sharp teeth.
You have supernaturally acute eyesight. (SInv)
You can survive without breathing.
Your skin changes colour to match your surroundings (Stealth+).


Message History

Bjtr's ghost is lightly damaged.
You closely miss bjtr's ghost. Your bite misses bjtr's ghost.
Bjtr's ghost is lightly damaged.
Bjtr's ghost closely misses you.
You hit bjtr's ghost. Your bite misses bjtr's ghost.
Bjtr's ghost is moderately damaged.
Bjtr's ghost gestures at you while chanting.
The magic dart hits you!
* * * LOW HITPOINT WARNING * * *
You hit bjtr's ghost but do no damage.
Bjtr's ghost is moderately damaged.
Bjtr's ghost closely misses you.
You barely miss bjtr's ghost.
Bjtr's ghost is moderately damaged.
Bjtr's ghost completely misses you.
You barely miss bjtr's ghost.
Bjtr's ghost is moderately damaged.
Bjtr's ghost points at you and mumbles some strange words.
The magic dart hits you!
You die...

##.......# ###########
##..###.# #.........#
#..###.# #.#######.#
#......# #.#######.#
##.##### #.##...##.# #.#
#.##.#....#####.# ###
#.##.........##.## #..
#.###.##.@##.#...## #.#
#.###.##.W##......# #.#
#.........##.#...#######.#
#####.##..................
#.######.##.########.#
####.######.##.# #.#
#........##W##+## #.#
#......W....#...## #..
##........###.r...## ###


You could see bjtr's ghost.

Vanquished Creatures
  A gnoll (D:1)
  4 oozes
  2 worms (D:3)
  A dart slug (D:3)
  A giant cockroach (D:3)
  11 goblins
  4 hobgoblins
  9 jackals
  6 kobolds
  2 quokkas (D:3)
  A ball python (D:1)
  6 bats
  3 frilled lizards (D:1)
  10 rats
61 creatures vanquished.

Notes
Turn   | Place    | Note
-------+----------+-------------------------------------------
     0 | D:1      | JeffiDaFish the Vampire Enchanter began the quest for the Orb.
     0 | D:1      | Reached XP level 1. HP: 13/13 MP: 3/3
   131 | D:1      | Reached XP level 2. HP: 19/19 MP: 5/5
   135 | D:1      | Learned a level 2 spell: Ensorcelled Hibernation
   144 | D:1      | Reached skill level 5 in Stealth
   370 | D:1      | Upgraded the game from 0.19-a0-1883-gc9e4fd8 to 0.19-a0-1886-gd64a0f0
   533 | D:1      | Reached XP level 3. HP: 23/25 MP: 6/6
  1026 | D:1      | Reached skill level 5 in Hexes
  1841 | D:2      | Gained mutation: You tend to lose your temper in combat. [potion of mutation]
  1841 | D:2      | Gained mutation: You are dopey. (Int -2) [potion of mutation]
  1841 | D:2      | Gained mutation: Your skin changes colour to match your surroundings (Stealth+). [potion of mutation]
  1947 | D:3      | Noticed bjtr's ghost (weakling DsWz)
  1967 | D:3      | Reached XP level 4. HP: 31/31 MP: 7/7
  2150 | D:3      | Reached skill level 1 in Ice Magic
  2828 | D:3      | Lost mutation: You are dopey. (Int -2) [potion of cure mutation]
  2828 | D:3      | Lost mutation: You tend to lose your temper in combat. [potion of cure mutation]
  2896 | D:3      | Reached skill level 1 in Fighting
  3245 | D:3      | Killed from afar by bjtr's ghost

Vault maps used:
D:1:      dpeg_arrival_rooms_with_view, minmay_distorted
D:2:      first_bread
D:3:      kennysheep_generic_room_4

Skill      XL: |  1  2  3  4 |
---------------+-------------+-----
Stealth        | 5 |  5.3
Hexes          | 5 |  5.1
Ice Magic      | 1 |  1.0
Fighting       | 1 |  1.0
Short Blades   | |  1.7
Dodging        | |  2.7
Spellcasting   | |  2.4

Action                   |  1- 3 |  4- 6 || total
-------------------------+-------+-------++-------
Melee: Dagger            |   141 |   106 ||   247
       Bite              |    10 |     7 ||    17
 Cast: Ensorcelled Hiber |     1 |       ||     1
  Use: Potion            |    10 |     6 ||    16
       Scroll            |     4 |     1 ||     5
 Stab: Sleeping          |    14 |     4 ||    18
       Distracted        |     1 |       ||     1
Armor: Robe              |    35 |    24 ||    59
Dodge: Dodged            |    71 |    69 ||   140
